 Dungeon Crawl Stone Soup version 0.29-a0-319-gad05b8d819 (webtiles) character file.

Game seed: 2411760827524856505

142 Pooter the Bolt Thrower (level 5, 0/45 HPs)
             Began as a Mayflytaur Wanderer on Apr 1, 2022.
             Killed from afar by an orc wizard (6 damage)
             ... with a puff of flame
             ... on level 5 of the Dungeon.
             The game lasted 00:09:24 (801 turns).

Pooter the Bolt Thrower (Mayflytaur Wanderer)        Turns: 801, Time: 00:09:24

Health: 0/45       AC:  5    Str: 20    XL:     5   Next: 25%
Magic:  11/11      EV: 11    Int: 13    God:
Gold:   11         SH:  0    Dex:  9    Spells: 7/10 levels left

rFire   . . .      SeeInvis .   a - +0 hand crossbow
rCold   . . .      Faith    .   (no shield)
rNeg    . . .      Spirit   .   d - +2 leather armour
rPois   .          Reflect  .   (no helmet)
rElec   .          Harm     .   (no cloak)
rCorr   .          Rampage  .   (no gloves)
Will    .....                   (no boots)
Stlth   +.........              (no amulet)
HPRegen 0.15/turn               (no ring)
MPRegen 0.12/turn               (no ring)

@: flying
A: damage resistance, big wings, sense surroundings 1, short lifespan
a: no special abilities


You were on level 5 of the Dungeon.
You visited 1 branch of the dungeon, and saw 5 of its levels.

You collected 11 gold pieces.

Inventory:

Hand Weapons
 a - a +0 hand crossbow (weapon)
Armour
 b - a +0 ring mail
 d - a +2 leather armour (worn)
   (You found it on level 4 of the Dungeon)
Potions
 c - a potion of heal wounds {@q2}
 e - a potion of curing {unknown}


   Skills:
 + Level 2.1 Fighting
 * Level 3.9 Crossbows
 + Level 2.8 Armour
 + Level 3.4 Spellcasting
 + Level 3.1 Hexes
 + Level 0.5 Transmutations
 + Level 0.6 Earth Magic
 + Level 2.0 Evocations


You had 7 spell levels left.
You knew the following spells:

 Your Spells              Type           Power      Damage    Failure   Level
a - Slow                  Hex            40%        N/A       7%          1
b - Passwall              Tmut/Erth      2%         N/A       30%         2

Your spell library contained the following spells:

 Spells                   Type           Power      Damage    Failure   Level
 Sandblast                Erth           8%         2d5       19%         1
 Inner Flame              Hex/Fire       6%         N/A       36%         3
 Stone Arrow              Conj/Erth      6%         3d7       54%         3
 Leda's Liquefaction      Hex/Erth       3%         N/A       75%         4


Dungeon Overview and Level Annotations

Branches:
Dungeon (5/15)
 Temple: D:4-7

Altars:


Innate Abilities, Weirdness & Mutations

You are resistant to damage.
Your large and strong wings let you fly.
You passively map a small area around you.
You are easily found by Zot.


Message History

The orc closely misses you. Something hits you.
Shoot: a) +0 hand crossbow
Aim: an orc, wielding a +0 whip and wearing a +0 scale mail (61% to hit)
You shoot a bolt. The bolt hits the orc.
Something hits you.
* * * LOW HITPOINT WARNING * * *
The orc barely misses you.
Shoot: a) +0 hand crossbow
Aim: an orc, wielding a +0 whip and wearing a +0 scale mail (lightly wounded, 61% to hit)
You shoot a bolt.
The bolt hits the orc but does no damage.
You hear some strange, mumbled words.
A puff of flame appears from out of thin air!
The puff of flame hits you!
* * * LOW HITPOINT WARNING * * *
The orc hits you with a +0 whip. x2
* * * LOW HITPOINT WARNING * * *
Something hits you but does no damage.
Shoot: a) +0 hand crossbow
Aim: an orc, wielding a +0 whip and wearing a +0 scale mail (lightly wounded, 61% to hit)
You shoot a bolt. The bolt hits the orc.
The orc closely misses you. Something hits you but does no damage.
Unknown command.
Unknown command.
Shoot: a) +0 hand crossbow
Aim: an orc, wielding a +0 whip and wearing a +0 scale mail (moderately wounded, 61% to hit)
You shoot a bolt.
The bolt hits the orc but does no damage.
The orc closely misses you. Something hits you.
* * * LOW HITPOINT WARNING * * *
The orc throws a boomerang.
Shoot: a) +0 hand crossbow
Aim: an orc, wielding a +0 whip and wearing a +0 scale mail (moderately wounded, 61% to hit)
You shoot a bolt. The bolt hits the orc.
Something hits you.
* * * LOW HITPOINT WARNING * * *
The orc barely misses you.
The orc throws a boomerang.
Something hits you. The orc closely misses you.
Shoot: a) +0 hand crossbow
Aim: an orc, wielding a +0 whip and wearing a +0 scale mail (severely wounded, 61% to hit)
You shoot a bolt. The bolt barely misses the orc.
The orc barely misses you.
You hear some strange, mumbled words.
A puff of flame appears from out of thin air!
The puff of flame hits you!
You die...

* * , ## *
.# * * , .#*
# , , ', ..
.# * *
,*.###$.#, ,
.)...
#####w.#, ,
,#...o{.# ,
* ,
#...@#.....#
, * ######
....# * ,, ,
,...# , ,* *
* ,..# , ,
,,,, .# * #
, , , * *


You could see a worm and an orc.

Vanquished Creatures
  A scorpion (D:5)
  A hound (D:5)
  An orc priest (D:5)
  An adder (D:5)
  An orc (D:5)
  A ball python (D:1)
  An endoplasm (D:4)
  A goblin (D:4)
  A hobgoblin (D:2)
  4 jackals (D:4)
  A quokka (D:4)
14 creatures vanquished.

Notes
Turn   | Place    | Note
-------+----------+-------------------------------------------
     0 | D:1      | Pooter the Mayflytaur Wanderer began the quest for the Orb.
     0 | D:1      | Pooter set off with the following items: a +0 hand
                  | crossbow, a +0 ring mail, a potion of haste {@q3}; and the
                  | following spell memorised: Slow; and the following spells
                  | available to memorise: Inner Flame, Leda's Liquefaction
     0 | D:1      | Reached XP level 1. HP: 18/18 MP: 5/5
    93 | D:1      | Glimpsed the power of Zot.
   209 | D:3      | You are sucked into a shaft and drop 2 floors!
   209 | D:5      | Entered Level 5 of the Dungeon
   214 | D:5      | Noticed a scorpion
   243 | D:5      | Killed a scorpion
   244 | D:5      | Reached XP level 2. HP: 3/26 MP: 7/7
   244 | D:5      | Reached XP level 3. HP: 3/32 MP: 8/8
   244 | D:5      | Reached XP level 4. HP: 4/39 MP: 9/9
   568 | D:5      | Learned a level 2 spell: Passwall
   759 | D:4      | Noticed a lemure
   791 | D:5      | Reached XP level 5. HP: 28/45 MP: 11/11
   801 | D:5      | Killed from afar by an orc wizard

Illustrated notes

Levels and vault maps discovered:
D:1:      elethiomel_arrival_maze, layout_basic
D:2:      layout_loops_corners, hellmonk_ecumenical_altar_prayer_group
D:3:      layout_basic, nzn_wu_jian_council_hall, serial_curves, eino_curves_02,
          eino_curves_03, uniq_grinder
D:4:      layout_basic, beargit_hepliaklqana_dungeon_heroes,
          corexii_checkpoint_b, uniq_pikel, uniq_sigmund, uniq_blork_the_orc
D:5:      layout_basic, temple_hall, serial_curves, eino_curves_03,
          eino_curves_02, eino_curves_02, solitary_fountain,
          hangedman_decor_lopped

Skill      XL: |  1  2  3  4 |
---------------+-------------+-----
Crossbows      | 3 |  3.9
Spellcasting   | 3 |  3.4
Fighting       | 2 |  2.1
Hexes          | 3 |  3.1
Evocations     | 2 |  2.0
Armour         | |  2.8
Transmutations | |  0.5
Earth Magic    | |  0.6

Action                   |  1- 3 |  4- 6 || total
-------------------------+-------+-------++-------
Melee: Unarmed           |    24 |       ||    24
       Hand crossbow     |    16 |       ||    16
 Fire: Hand crossbow     |    14 |    88 ||   102
 Cast: Slow              |     7 |     1 ||     8
  Use: Potion            |     1 |     1 ||     2
       Scroll            |       |     4 ||     4
Armor: Ring mail         |    22 |    29 ||    51
       Leather armour    |       |    24 ||    24
Dodge: Dodged            |    38 |    76 ||   114

Table legend: (Time is in decaauts)
 A = Elapsed time spent in this place.
 B = Non-inter-level travel time spent in this place.
 C = Inter-level travel time spent in this place.
 D = Time resting spent in this place.
 E = Time spent auto-exploring this place.
 F = Levels seen in this place.
 G = Mean time per level.
                   A        B        C        D        E       F      G
               +--------+--------+--------+--------+--------+-----+--------+
         Total |    825 |    825 |      0 |    278 |    212 |   5 |  165.0 |
       Dungeon |    825 |    825 |      0 |    278 |    212 |   5 |  165.0 |
               +--------+--------+--------+--------+--------+-----+--------+

Top non-repeatable levels by time:
     D:5: 433 daAuts
     D:4: 195 daAuts
     D:1: 139 daAuts
     D:3: 43 daAuts
     D:2: 13 daAuts
